 Dungeon Crawl Stone Soup version 0.26.1-11-gd32895ea62 (webtiles) character file.

Game seed: 541099581264221424

23 ubername the Vandal (level 3, 0/23 HPs)
             Began as a Halfling Arcane Marksman on July 15, 2021.
             Succumbed to an adder's poison
             ... on level 2 of the Dungeon.
             The game lasted 00:03:34 (1273 turns).

ubername the Vandal (Halfling Arcane Marksman)      Turns: 1273, Time: 00:03:35

Health: 0/23       AC:  2    Str: 11    XL:     3   Next: 12%
Magic:  0/4        EV: 15    Int: 12    God:
Gold:   80         SH:  0    Dex: 20    Spells: 3/4 levels left

rFire    . . .     SeeInvis .   a - +0 short sword
rCold    . . .     Faith    .   (shield restricted)
rNeg     . . .     Spirit   +   e - +0 robe
rPois    .         Reflect  .   (no helmet)
rElec    .         Harm     .   (no cloak)
rCorr    .         Rampage  .   (no gloves)
Will     .....                  (no boots)
Stlth    ++........             i - amulet of guardian spirit
HPRegen  0.07/turn              (no ring)
MPRegen  0.09/turn              p - +6 ring of dexterity

@: lethally poisoned (0 -> -7)
A: small, mutation resistance 1
a: no special abilities


You were on level 2 of the Dungeon.
You visited 1 branch of the dungeon, and saw 2 of its levels.

You collected 80 gold pieces.

Inventory:

Hand Weapons
 a - a +0 short sword (weapon)
 b - a +0 hunting sling
Missiles
 c - 12 poisoned darts (quivered)
 d - 18 sling bullets
 h - 23 stones
Armour
 e - a +0 robe (worn)
Jewellery
 i - an amulet of guardian spirit (around neck)
 l - an uncursed amulet of faith
 p - a +6 ring of dexterity (right hand)
Scrolls
 n - a scroll of teleportation {unknown}
 o - a scroll of noise {unknown}
 r - a scroll of identify {unknown}
Potions
 f - a potion of curing {unknown}


   Skills:
 + Level 1.0 Fighting
 + Level 3.3 Slings
 + Level 2.2 Dodging
 + Level 1.1 Spellcasting
 + Level 3.0 Hexes


You had 3 spell levels left.
You knew the following spells:

 Your Spells              Type           Power        Failure   Level
a - Corona                Hex            8%           9%          1

Your spell library contained the following spells:

 Spells                   Type           Power        Failure   Level
 Slow                     Hex            8%           13%         2
 Inner Flame              Hex/Fire       4%           43%         3
 Portal Projectile        Hex/Tloc       8%           43%         3
 Cause Fear               Hex            4%           63%         4
 Leda's Liquefaction      Hex/Erth       2%           85%         4


Dungeon Overview and Level Annotations

Branches:
Dungeon (2/15)

Altars:


Innate Abilities, Weirdness & Mutations

You are small and have problems with some larger weapons.
You are somewhat resistant to further mutation.


Message History

You feel sick. The adder bites you. The adder misses you.
Throw: 13 darts (poison)
Press: ? - help, Q - select action, (/) - cycle Shift-Dir - straight line, f/p - adder
Aim: an adder (heavily wounded, 44% to hit)
You throw a poisoned dart. The poisoned dart hits the adder.
The adder is poisoned.
The adder is heavily wounded.
You feel sick. The adder bites you.
* * * LOW HITPOINT WARNING * * *
Casting: Corona (safe; 9% risk of failure)
Confirm with . or Enter, or press ? or * to list all spells.
Aiming: Corona (safe; 9% risk of failure)
Press: ? - help, Shift-Dir - straight line, f/p - adder
Aim: an adder (moderately wounded, poisoned, chance to affect: 51%)
The adder is outlined in light.
The adder bites you.
* * * LOW HITPOINT WARNING * * *
The adder closely misses you.
You hit the adder.
You kill the adder!
You die...

#..###...†# ......
##..##....# $....S
#..#....## ...K.[
#.÷##††.# ......
##..##### ......
##.÷.# ...... ##.###
......#######..###
......(((.....K(@#
......##########'###
###### #....#
#....#.# #....#.#
#....#.# #....#.#
#....#.# #....#.#


You could see a kobold.

Vanquished Creatures
  An adder (D:2)
  A worm (D:2)
  A dart slug (D:1)
  2 leopard geckos
  2 bats (D:1)
  2 giant cockroaches (D:1)
  A goblin (D:1)
  2 frilled lizards (D:1)
  3 kobolds (D:1)
  3 rats (D:1)
18 creatures vanquished.

Notes
Turn   | Place    | Note
-------+----------+-------------------------------------------
     0 | D:1      | ubername the Halfling Arcane Marksman began the quest for
                  | the Orb.
     0 | D:1      | Reached XP level 1. HP: 12/12 MP: 2/2
   257 | D:1      | Reached skill level 1 in Fighting
   262 | D:1      | Reached XP level 2. HP: 18/18 MP: 0/3
  1145 | D:2      | Reached XP level 3. HP: 23/23 MP: 1/4
  1272 | D:2      | HP: 1/23 [adder (3)]
  1273 | D:2      | Succumbed to an adder's poison

Illustrated notes

Levels and vault maps discovered:
D:1:      onia_arrival_pyramid, layout_basic, st_stairs_8
D:2:      layout_basic, wander_ebering_terrifying_dragon_lair

Skill      XL: |  1  2 |
---------------+-------+-----
Fighting       | 1 |  1.0
Hexes          | 3 |  3.0
Slings         | |  3.3
Dodging        | |  2.2
Spellcasting   | |  1.1

Action                   || total
-------------------------++-------
Melee: Short sword       ||    19
 Fire: Hunting sling     ||    30
Throw: Dart              ||    14
 Cast: Corona            ||    11
  Use: Scroll            ||     4
       Potion            ||     2
Armor: Robe              ||     1
Dodge: Dodged            ||    32
